 Dungeon Crawl Stone Soup version 0.15.2 (webtiles) character file.

837 flegu the Charmwright (level 7, -12/50 HPs)
             Began as a Merfolk Skald on Feb 12, 2015.
             Killed by divine providence
             ... invoked by an orc priest
              (13 damage)
             ... on Level 5 of the Dungeon.
             The game lasted 00:41:18 (4679 turns).

flegu the Charmwright (Merfolk Skald)               Turns: 4679, Time: 00:41:22

HP -12/50        AC  9     Str 10 (12) XL: 7   Next: 99%
MP   8/12        EV 13     Int 13      God:
Gold 62          SH  0     Dex 14      Spells:  3 memorised,  4 levels left

rFire  + + .     SeeInvis +     a - +0 spear
rCold  . . .     Clarity  .     f - +3 leather armour {rF+}
rNeg   . . .     rCorr    .     (no shield)
rPois  .         rRot     .     p - +0 helmet {SInv}
rElec  .         Spirit   .     g - +0 cloak
SustAb .         Warding  .     (no gloves)
rMut   .         Stasis   .     A - +0 pair of boots {run}
Gourm  .                        (no amulet)
MR     .....                    s - ring of protection from fire
                                j - ring of regeneration

@: quick, not resistant to hostile enchantments, very unstealthy
A: change form in water, swift swim
a: no special abilities


You were on level 5 of the Dungeon.
You were near starving.

You visited 1 branch of the dungeon, and saw 5 of its levels.

You collected 188 gold pieces.
You spent 126 gold pieces at shops.

Inventory:

Hand weapons
 a - a +0 spear (weapon)
 y - a +2 dagger of holy wrath
 C - the +7 Singing Sword
   (You found it on level 4 of the Dungeon)
Armour
 b - a +0 leather armour
 f - a +3 leather armour of fire resistance (worn)
 g - a +0 cloak (worn)
 o - a +0 ring mail
 p - a +0 helmet of see invisible (worn)
 A - a +0 pair of boots of running (worn)
Magical devices
 k - a wand of frost (5)
Comestibles
 d - 2 bread rations
 i - 7 meat rations
 x - 4 fruits
Scrolls
 l - a scroll of remove curse
 r - a scroll of identify
 u - a scroll of teleportation
Jewellery
 j - a ring of regeneration (left hand)
 s - a ring of protection from fire (right hand)
 t - an uncursed amulet of stasis {unknown}
Potions
 m - a potion of flight {unknown}
 n - 2 potions of cancellation
 v - a potion of resistance {unknown}
 z - a potion of curing {unknown}
Books
 c - a book of Battle

   Spells                             Type                      Level
   *Infusion                          Charms                       1
   *Shroud of Golubria                Charms/Translocation         2
   Song of Slaying                    Charms                       2
   *Spectral Weapon                   Hexes/Charms                 3
   Regeneration                       Charms/Necromancy            3
 q - a book of Clouds

   Spells                             Type                      Level
   Mephitic Cloud                     Conjuration/Poison/Air       3
   Conjure Flame                      Conjuration/Fire             3
   Poisonous Cloud                    Conjuration/Poison/Air       6
   Freezing Cloud                     Conjuration/Ice/Air          6
   Ring of Flames                     Charms/Fire                  7


   Skills:
 - Level 2.1 Fighting
 + Level 5.7 Polearms
 - Level 0.6 Armour
 + Level 4.8 Dodging
 - Level 2.0 Spellcasting
 - Level 3.1 Hexes
 + Level 7.2 Charms
 - Level 1.3 Translocations


You had 4 spell levels left.
You knew the following spells:

 Your Spells              Type           Power        Failure   Level  Hunger
a - Infusion              Chrm           ###...       1%          1    ##.....
b - Shroud of Golubria    Chrm/Tloc      ##........   10%         2    ###....
c - Spectral Weapon       Hex/Chrm       ##......     12%         3    ####...


Dungeon Overview and Level Annotations

Branches:
Dungeon (5/15)
 Temple: D:4-7

Altars:
Cheibriados

Shops:
D:5 [


Message History

Something smites you!
* * * LOW HITPOINT WARNING * * *
The orc wizard hits you but does no damage.
Drink which item? (? for menu, Esc to quit)
You feel magically purged.
It was a potion of cancellation.
The orc priest utters an invocation to Beogh.
You feel a wave of unholy energy pass over you.
The orc wizard hits you with a dagger.
* * * LOW HITPOINT WARNING * * *
The orc wizard casts a spell at you. The puff of flame hits you! You resist.
* * * LOW HITPOINT WARNING * * *
Drink which item? (? for menu, Esc to quit)
There was something very wrong with that liquid!
You feel weakened.
It was a potion of degeneration.
The orc wizard hits you but does no damage.
The orc priest calls down the wrath of Beogh upon you.
Something smites you!
You die...

..... #...# #...####
#...##.. ####...##.#
##....#?.#.#
######.....#.)#.#
#.[........#..o.#
#.####..###.###@#
#.####.....#...(o.......
#.##.......#..#o#(.....
#.#..∩.....#..#.#.#####
#.#.#........##.. .
#...#((..#[###### ##
#.#####.#..#
#..<#...##..# #.#.#.###
#.#


You could see an orc priest, 2 orc wizards and a friendly spectral spear.

Vanquished Creatures
  A hungry ghost (D:4)
  A sky beast (D:4)
  2 ogres (D:4)
  A scorpion (D:4)
  An orc priest (D:4)
  A black bear zombie (D:4)
  A hound (D:4)
  A centaur skeleton (D:5)
  Natasha (D:5)
  A worker ant (D:3)
  6 adders
  4 giant mites (D:4)
  A shadow imp (D:5)
  4 worms
  3 giant geckos
  14 orcs
  A ball python (D:2)
  6 giant cockroaches
  8 hobgoblins
  12 jackals
  8 kobolds
  A quokka (D:3)
  11 bats
  4 giant newts
  10 goblins
  A goblin skeleton (D:4)
  6 rats
111 creatures vanquished.

Vanquished Creatures (others)
  A spectral weapon (D:4)
  4 fungi (D:4)
5 creatures vanquished.

Grand Total: 116 creatures vanquished

Notes
Turn   | Place    | Note
--------------------------------------------------------------
     0 | D:1      | flegu, the Merfolk Skald, began the quest for the Orb.
     0 | D:1      | Reached XP level 1. HP: 16/16 MP: 3/3
   413 | D:1      | Reached XP level 2. HP: 20/22 MP: 4/4
   499 | D:1      | Reached skill level 4 in Charms
   515 | D:1      | Learned a level 2 spell: Shroud of Golubria
   516 | D:1      | Found a snail-covered altar of Cheibriados.
  1239 | D:1      | Reached XP level 3. HP: 27/27 MP: 0/6
  1244 | D:1      | Learned a level 3 spell: Spectral Weapon
  1561 | D:2      | Reached skill level 5 in Charms
  1616 | D:2      | Reached XP level 4. HP: 19/33 MP: 4/7
  1753 | D:2      | Reached skill level 1 in Hexes
  2324 | D:3      | Reached XP level 5. HP: 38/38 MP: 1/9
  3309 | D:4      | Reached skill level 6 in Charms
  3336 | D:4      | Reached skill level 1 in Translocations
  3336 | D:4      | Reached XP level 6. HP: 11/44 MP: 1/10
  3702 | D:4      | Noticed a hungry ghost
  3723 | D:4      | Killed a hungry ghost
  3760 | D:4      | Noticed a sky beast
  3779 | D:4      | Killed a sky beast
  3779 | D:4      | Reached skill level 7 in Charms
  3779 | D:4      | Reached XP level 7. HP: 47/50 MP: 1/12
  3964 | D:4      | Noticed an ogre
  3979 | D:4      | Killed an ogre
  3979 | D:4      | Reached skill level 5 in Polearms
  4007 | D:4      | Found a glowing drain.
  4131 | D:4      | Noticed an ogre
  4148 | D:4      | Killed an ogre
  4511 | D:5      | Entered Level 5 of the Dungeon
  4516 | D:5      | Found Kleas' Antique Armour Boutique.
  4523 | D:5      | Noticed Natasha
  4544 | D:5      | Killed Natasha
  4591 | D:5      | Bought a pair of glowing boots for 126 gold pieces
  4597 | D:5      | Identified a +0 pair of boots of running (You bought it in a shop on level 5 of the Dungeon)
  4678 | D:5      | HP: 1/50 [orc wizard/puff of flame (3)]
  4679 | D:5      | Killed from afar by an orc priest

Action                   |  1- 3 |  4- 6 |  7- 9 || total
-------------------------+-------+-------+-------++-------
Melee: Spear             |   114 |   350 |   175 ||   639
Throw: Stone             |     5 |     2 |     3 ||    10
 Cast: Infusion          |     7 |    11 |     1 ||    19
       Shroud of Golubri |     3 |    14 |     7 ||    24
       Spectral Weapon   |       |     5 |     6 ||    11
  Use: Scroll            |     4 |     8 |       ||    12
       Potion            |       |       |     2 ||     2
  Eat: Chunk             |     2 |    13 |     4 ||    19
